Map: Overgrown Facility

Players

NicEtRip

  • Race: Zerg Zerg
  • Spawn Location: 7:00

WBF

  • Race: Zerg Zerg
  • Spawn Location: 9:00

PureLegacy - Winner!

  • Race: Terran Terran
  • Spawn Location: 3:00

GeneralIroh - Winner!

  • Race: Zerg Zerg
  • League: Platinum
  • Spawn Location: 1:00

VOD

Have the link to the VOD?

Description

Time

  • Played on: Dec. 3, 2018, 8:54 a.m.
  • Length: 4:16
Show
View Real Time Build Order
Export as new Build Order

NicEtRip Zerg 

Build Orders: Pool First 

Get SALT Encoding   

  12  0:01  Drone  
  13  0:12  Drone  
  14  0:18  Overlord  
  14  0:37  Drone x3  
  17  0:48  Spawning Pool  
  16  0:50  Drone  
  17  1:12  Hatchery  
  17  1:15  Drone  
  17  1:18  Drone  
  18  1:20  Extractor  
  17  1:35  Queen  
  17  1:37  Zergling x4  
  21  1:51  Overlord  
  21  1:55  Drone  
  22  2:10  Drone  
  22  2:13  Queen  
  25  2:20  Zergling x2  
  26  2:25  Queen  
  26  2:26  Drone  
  29  2:42  Metabolic Boost  
  29  2:45  Drone x2  
  29  2:46  Drone x3  
  29  2:49  Drone x2  
  36  3:04  Overlord x2  
  36  3:24  Zergling x2  
  36  3:25  Zergling x6  
  36  3:26  Zergling x6  
  41  3:39  Roach Warren  
  39  3:41  Zergling x2  
  39  3:43  Zergling x6  
Show
View Real Time Build Order
Export as new Build Order

WBF Zerg 

Build Orders: Hatch First 

Get SALT Encoding   

  12  0:01  Drone  
  13  0:15  Overlord  
  13  0:18  Drone  
  14  0:33  Drone  
  14  0:34  Drone  
  16  0:38  Drone  
  17  0:56  Hatchery  
  17  0:57  Drone  
  17  1:00  Extractor  
  17  1:01  Drone  
  17  1:09  Drone  
  18  1:20  Spawning Pool  
  18  1:24  Drone  
  18  1:32  Drone  
  19  1:42  Overlord  
  19  1:56  Drone  
  20  2:04  Drone  
  20  2:07  Metabolic Boost  
  21  2:09  Queen x2  
  21  2:13  Zergling x2  
  26  2:16  Zergling x2  
  26  2:21  Drone  
  28  2:26  Overlord  
  28  2:30  Drone  
  29  2:44  Zergling x4  
  32  2:51  Zergling x2  
  32  2:57  Zergling x4  
  30  3:07  Queen x2  
  30  3:08  Zergling x2  
  30  3:09  Zergling x2  
  32  3:19  Zergling x4  
  30  3:25  Zergling x2  
  29  3:39  Zergling x6  
  29  3:40  Zergling x2  
  25  3:49  Spine Crawler  
  25  3:50  Zergling x2  
  25  3:51  Zergling x2  
  26  3:55  Zergling x2  
Show
View Real Time Build Order
Export as new Build Order

PureLegacy Terran - Winner!

Build Orders:  

Get SALT Encoding   

  12  0:05  SCV  
  13  0:17  SCV  
  14  0:22  Supply Depot  
  14  0:29  SCV  
  14  0:31  Refinery  
  15  0:44  SCV  
  15  0:47  Barracks  
  16  0:56  SCV  
  17  1:04  Barracks  
  17  1:19  Barracks  
  17  1:23  SCV  
  18  1:34  Reaper  
  19  1:42  Orbital Command  
  19  1:49  Refinery  
  19  1:53  Reaper  
  20  2:03  Supply Depot  
  20  2:08  Reaper  
  20  2:10  Reaper  
  20  2:15  SCV  
  23  2:25  Reaper  
  24  2:30  Supply Depot  
  24  2:37  SCV  
  24  2:41  Reaper  
  26  2:47  Reaper  
  27  2:59  Reaper  
  28  3:13  Reaper  
  30  3:20  Reaper  
  30  3:21  Command Center  
  30  3:36  Reaper  
  30  3:40  SCV  
  34  3:55  Barracks  
  34  3:56  Barracks  
Show
View Real Time Build Order
Export as new Build Order

GeneralIroh Zerg - Winner!

Build Orders: Hatch First 

Get SALT Encoding   

  12  0:02  Drone  
  13  0:12  Overlord  
  13  0:18  Drone  
  14  0:30  Drone x2, Extractor  
  16  0:55  Hatchery  
  15  0:59  Extractor  
  14  1:09  Spawning Pool  
  13  1:12  Drone  
  13  1:17  Drone  
  15  1:26  Drone x2  
  17  1:56  Queen  
  17  1:57  Zergling x2  
  17  1:58  Zergling x4  
  17  2:01  Metabolic Boost  
  22  2:12  Zergling x2  
  22  2:13  Zergling x2  
  24  2:20  Overlord  
  24  2:24  Queen  
  26  2:31  Overlord  
  26  2:42  Zergling x6  
  27  3:08  Zergling x2  
  27  3:09  Zergling x14  
  34  3:19  Zergling x2  
  32  3:45  Zergling x6  
  32  3:46  Zergling x4  
Tags
 
Add a new tag
Caveats
  • Supply blocks, unpowered buildings, or Contaminate may cause inaccurate times.
  • Supply counts are checked every 10 seconds.